 Dungeon Crawl Stone Soup version 0.28.0-43-g3370ac3207 (webtiles) character file.

Game seed: 16642837107343922256

595347 Orthodox the Conqueror (level 25, -2/191 (231) HPs)
             Began as a Minotaur Fighter on Mar 24, 2022.
             Was the Champion of Ru.
             Slain by an Orb Guardian (24 damage)
             ... on level 5 of the Realm of Zot on Mar 27, 2022.
             The game lasted 04:55:07 (71771 turns).

Orthodox the Conqueror (Minotaur Fighter)          Turns: 71771, Time: 04:55:08

HP:   -2/191 (231)  AC: 46    Str: 25 (27) XL:     25   Next: 79%
MP:   5/26          EV:  4    Int:  0 (1)  God:    Ru [******]
Gold: 8261          SH: 38    Dex: 19 (24) Spells: 24/24 levels left

rFire   + + +      SeeInvis .   f - +9 eveningstar "Vosaepach" {spect, Fragile Will+ Str+3 Dex+3}
rCold   + + +      Faith    .   k - +8 tower shield of Circular Logic {rPois Regen+}
rNeg    . . .      Spirit   .   L - +9 crystal plate armour of the Trilobite {Fly Dex+6 Stlth+}
rPois   +          Reflect  +   w - +3 hat of Tiarusit {Str+4}
rElec   +          Harm     .   h - +2 cloak "Jemimum" {rElec rC+ MP+9 Dex-3}
rCorr   .          Rampage  ∞   q - +0 pair of gloves of the Barnacle {Rampage rC++}
Will    +++..      Rnd*Tele +   S - +3 pair of seven-league boots {Rampage+∞}
Stlth   ..........              X - amulet of Jufeh {Reflect rPois rF++ Str-2 SH+5}
HPRegen 1.21/turn               o - ring of Oseth {Wiz rF+ rC+ Str+2 Dex-3}
MPRegen 0.20/turn               b - ring of Dithmenos's Wrath {rPois Will+ AC+4 Int-2 Dex+6}

@: exhausted, flying, hasted and slowed, lost intelligence, constricted,
studying 3 skills, heavily drained, unable to read
A: horns 2, clumsy 2, low MP 2, no potion heal 1, inability to train dodging, no
fire magic, no translocations magic, no transmutations magic, reduced AC 1,
unskilled 1, retaliatory headbutt, cold resistance 1, deformed body,
deterioration 1, dopey 1, frail 1, screaming 1, shaggy fur 1, teleportitis 1,
weak 2
}: 4/15 runes: decaying, slimy, silver, gossamer
a: Renounce Religion, Draw Out Power, Power Leap, Apocalypse


You were on level 5 of the Realm of Zot.
You worshipped Ru.
Ru was exalted by your worship.
You visited 11 branches of the dungeon, and saw 54 of its levels.
You also visited: Sewer, Ossuary, Bailey, Gauntlet and Ice Cave.

You collected 10956 gold pieces.
You spent 2695 gold pieces at shops.

Inventory:

Hand Weapons
 f - the +9 eveningstar "Vosaepach" (weapon) {spect, Fragile Will+ Str+3 Dex+3}
   (You acquired it on level 2 of the Dungeon)

   When its wielder attacks, the weapon's spirit leaps out and strikes again.
   The spirit shares a part of any damage it takes with its wielder.
   Str:       It affects your strength (+3).
   Dex:       It affects your dexterity (+3).
   Fragile:   It will be destroyed if unequipped.
   Will:      It increases your willpower.
Missiles
 i - 2 throwing nets {!f}
 W - 6 silver javelins (quivered)
Armour
 g - the +1 pair of gloves of the Rose {rC- Str+9 Int-3 Stlth+}
   (You bought it in a shop on level 2 of the Elven Halls)

   Str:       It affects your strength (+9).
   Int:       It affects your intelligence (-3).
   rC:        It makes you vulnerable to cold.
   Stlth:     It makes you more stealthy.
 h - the +2 cloak "Jemimum" (worn) {rElec rC+ MP+9 Dex-3}
   (You bought it in a shop on level 2 of the Vaults)

   Dex:       It affects your dexterity (-3).
   rC:        It protects you from cold.
   rElec:     It insulates you from electricity.
   MP:        It affects your magic capacity (+9).
 k - the +8 tower shield of Circular Logic (worn) {rPois Regen+}
   (You bought it in a shop on level 2 of the Elven Halls)

   rPois:     It protects you from poison.
   Regen:     It increases your rate of health regeneration.
 q - the +0 pair of gloves of the Barnacle (worn) {Rampage rC++}
   (You found it on level 5 of the Vaults)

   rC:        It greatly protects you from cold.
   Rampage:   It bestows one free step when moving towards enemies.
 w - the +3 hat of Tiarusit (worn) {Str+4}
   (You acquired it on level 5 of the Vaults)

   Str:       It affects your strength (+4).
 L - the +9 crystal plate armour of the Trilobite (worn) {Fly Dex+6 Stlth+}
   (You found it on level 3 of the Elven Halls)

   Dex:       It affects your dexterity (+6).
   Fly:       It grants you flight.
   Stlth:     It makes you more stealthy.
 S - the +3 pair of seven-league boots (worn) {Rampage+∞}
   (You found it on level 15 of the Dungeon)

   Its wearer moves as far as possible in that direction when moving towards
   enemies.
 T - a +0 crystal plate armour of cold resistance
 U - the +2 hat of Prudence {Harm rElec rF- Str-2}
   (You found it in a Gauntlet)

   Str:       It affects your strength (-2).
   rF:        It makes you vulnerable to fire.
   rElec:     It insulates you from electricity.
   Harm:      It increases damage dealt and taken.
Jewellery
 a - the ring of Oleruce {rElec Slay+4 SInv}
   (You found it on level 5 of the Pits of Slime)

   [ring of slaying]

   Slay:      It affects your accuracy & damage with ranged weapons and melee
   (+4).
   rElec:     It insulates you from electricity.
   SInv:      It lets you see invisible.
 b - the ring of Dithmenos's Wrath (right hand) {rPois Will+ AC+4 Int-2 Dex+6}
   (You acquired it on level 1 of the Lair of Beasts)

   [ring of protection]

   AC:        It affects your AC (+4).
   Int:       It affects your intelligence (-2).
   Dex:       It affects your dexterity (+6).
   rPois:     It protects you from poison.
   Will:      It increases your willpower.
 o - the ring of Oseth (left hand) {Wiz rF+ rC+ Str+2 Dex-3}
   (You took it off a yaktaur on level 14 of the Dungeon)

   [ring of wizardry]

   It improves your spell success rate.
   Str:       It affects your strength (+2).
   Dex:       It affects your dexterity (-3).
   rF:        It protects you from fire.
   rC:        It protects you from cold.
 p - the amulet of Fogoopp {Reflect rPois rC- Will++ SH+5}
   (You acquired it on level 5 of the Lair of Beasts)

   [amulet of reflection]

   It reflects blocked missile attacks.
   rC:        It makes you vulnerable to cold.
   rPois:     It protects you from poison.
   SH:        It affects your SH (+5).
   Will:      It greatly increases your willpower.
 t - the ring of Ruonis {rElec MP+9 SInv Stlth+}
   (You found it on level 14 of the Dungeon)

   [ring of magical power]

   rElec:     It insulates you from electricity.
   MP:        It affects your magic capacity (+9).
   SInv:      It lets you see invisible.
   Stlth:     It makes you more stealthy.
 G - a ring of protection from fire
 N - a ring of protection from fire
 P - the ring of Hylaw {rCorr Str-4 Int+4 Dex+6}
   (You took it off a gnoll on level 10 of the Dungeon)

   [ring of dexterity]

   Str:       It affects your strength (-4).
   Int:       It affects your intelligence (+4).
   Dex:       It affects your dexterity (+6).
   rCorr:     It protects you from acid and corrosion.
 R - an amulet of reflection
 V - the amulet "Keobesaq" {RegenMP rC++}
   (You took it off a minotaur in a Gauntlet)

   [amulet of magic regeneration]

   It increases your rate of magic regeneration.
   rC:        It greatly protects you from cold.
 X - the amulet of Jufeh (around neck) {Reflect rPois rF++ Str-2 SH+5}
   (You found it on level 5 of the Pits of Slime)

   [amulet of reflection]

   It reflects blocked missile attacks.
   Str:       It affects your strength (-2).
   rF:        It greatly protects you from fire.
   rPois:     It protects you from poison.
   SH:        It affects your SH (+5).
 Z - the ring "Xeret" {rPois rF+ Dex+6}
   (You took it off a wizard on level 14 of the Dungeon)

   [ring of protection from fire]

   Dex:       It affects your dexterity (+6).
   rF:        It protects you from fire.
   rPois:     It protects you from poison.
Wands
 c - a wand of mindburst (7)
 n - a wand of paralysis (58)
 y - a wand of iceblast (30)
 I - a wand of acid (18)
Scrolls
 d - 11 scrolls of noise
 j - 9 scrolls of fog
 l - 5 scrolls of blinking
 m - 9 scrolls of magic mapping
 r - 6 scrolls of enchant armour
 u - 11 scrolls of teleportation
 v - 2 scrolls of summoning
 E - 15 scrolls of fear
 F - 13 scrolls of enchant weapon
 H - 2 scrolls of holy word
 O - 4 scrolls of silence
Potions
 e - 4 potions of haste
 s - 7 potions of might
 x - 5 potions of berserk rage
 A - 8 potions of resistance
 B - 6 potions of flight
 C - 26 potions of curing {@q1}
 J - 3 potions of invisibility
 K - 10 potions of magic
 M - 4 potions of heal wounds


   Skills:
 O Level 27 Fighting
 - Level 2.6 Short Blades
 + Level 25.4 Maces & Flails
 + Level 25.7 Armour
 + Level 25.7 Shields


You had 24 spell levels left.
You didn't know any spells.
Your spell library contained the following spells:

 Spells                   Type           Power      Damage    Failure   Level
 Animate Skeleton         Necr           0%         N/A       93%         1
 Magic Dart               Conj           0%         1d3       93%         1
 Slow                     Hex            0%         N/A       93%         1
 Summon Small Mammal      Summ           0%         N/A       93%         1
 Corpse Rot               Necr/Air       0%         N/A       98%         2
 Ensorcelled Hibernation  Hex/Ice        0%         N/A       98%         2
 Searing Ray              Conj           0%         2d4       98%         2
 Sublimation of Blood     Necr           0%         N/A       98%         2
 Call Canine Familiar     Summ           0%         N/A       100%        3
 Confusing Touch          Hex            0%         N/A       100%        3
 Stone Arrow              Conj/Erth      0%         3d7       100%        3
 Summon Guardian Golem    Hex/Summ       0%         N/A       100%        3
 Swiftness                Air            0%         N/A       100%        3
 Vampiric Draining        Necr           0%         2d6       100%        3
 Anguish                  Hex/Necr       0%         N/A       100%        4
 Animate Armour           Summ/Erth      0%         N/A       100%        4
 Animate Dead             Necr           0%         N/A       100%        4
 Dispel Undead            Necr           0%         3d6       100%        4
 Fulminant Prism          Conj/Hex       0%         3d6       100%        4
 Hailstorm                Conj/Ice       0%         3d3       100%        4
 Leda's Liquefaction      Hex/Erth       0%         N/A       100%        4
 Borgnjor's Vile Clutch   Necr/Erth      0%         N/A       100%        5
 Excruciating Wounds      Necr           0%         N/A       100%        5
 Iskenderun's Battlesphe  Conj           0%         2d6       100%        5
 Lightning Bolt           Conj/Air       0%         1d11      100%        5
 Summon Mana Viper        Hex/Summ       0%         N/A       100%        5
 Conjure Ball Lightning   Conj/Air       0%         3x3d6     100%        6
 Death Channel            Necr           0%         N/A       100%        6
 Iron Shot                Conj/Erth      0%         9d1       100%        6
 Simulacrum               Ice/Necr       0%         N/A       100%        6
 Summon Cactus Giant      Summ           0%         N/A       100%        6
 Enfeeble                 Hex            0%         N/A       100%        7
 Orb of Destruction       Conj           0%         9d5       100%        7
 Summon Hydra             Summ           0%         N/A       100%        7
 Lehudib's Crystal Spear  Conj/Erth      0%         10d2      100%        8
 Summon Horrible Things   Summ           0%         N/A       100%        8
 Polar Vortex             Ice            0%         N/A       100%        9
 Passwall                 Tmut/Erth      Unusable   N/A       N/A         2
 Scorch                   Fire           Unusable   2d5       N/A         2
 Wereblood                Tmut           Unusable   N/A       N/A         2
 Portal Projectile        Hex/Tloc       Unusable   N/A       N/A         3
 Spider Form              Tmut/Pois      Unusable   N/A       N/A         3
 Flame Wave               Conj/Fire      Unusable   2d4       N/A         4
 Alistair's Intoxication  Tmut/Pois      Unusable   N/A       N/A         5
 Blade Hands              Tmut           Unusable   N/A       N/A         5
 Fireball                 Conj/Fire      Unusable   3d3       N/A         5
 Irradiate                Conj/Tmut      Unusable   3d13      N/A         5
 Summon Forest            Summ/Tloc      Unusable   N/A       N/A         5
 Yara's Violent Unravell  Hex/Tmut       Unusable   3d3       N/A         5
 Eringya's Noxious Bog    Tmut/Pois      Unusable   N/A       N/A         6
 Starburst                Conj/Fire      Unusable   6d3       N/A         6
 Malign Gateway           Summ/Tloc      Unusable   N/A       N/A         7
 Fire Storm               Conj/Fire      Unusable   5d1       N/A         9

Dungeon Overview and Level Annotations

Branches:
Dungeon (15/15)            Temple (1/1) D:6            Lair (6/6) D:8
  Swamp (4/4) Lair:4       Spider (4/4) Lair:2        Slime (5/5) Lair:6
    Orc (2/2) D:10            Elf (3/3) Orc:2        Vaults (5/5) D:14
  Crypt (0/3) Vaults:3     Depths (4/4) D:15            Zot (5/5) Depths:4
  Sewer (visited)         Ossuary (visited)          Bailey (visited)
  IceCv (visited)         Gauntlet (visited)

Altars:
Ashenzari
Cheibriados
Dithmenos
Elyvilon
Fedhas
Gozag
Hepliaklqana
Kikubaaqudgha
Makhleb
Nemelex Xobeh
Okawaru
Qazlal
Ru
Sif Muna
Trog
Uskayaw
Vehumet
Wu Jian
Xom
Yredelemnul
Zin
The Shining One
Beogh
Jiyva

Shops:
D:5 *   D:10 [   Orc:2 ==[=   Elf:1 (   Elf:2 :([?[   Vaults:2 [=![:
Vaults:4 *   Depths:2 =(*[   Depths:3 =:=

Portals:
Hell: Depths:1 Depths:2 Depths:3 Depths:4
Abyss: Depths:3 Depths:4
Pandemonium: Depths:1 Depths:2 Depths:3
Ziggurat: Depths:1
Trove: Elf:1 (give +3 gold dragon scales)

Annotations:
Vaults:1 1 runed translucent door, Faydane's ghost, veteran HuFi


Innate Abilities, Weirdness & Mutations

You have a pair of horns on your head.
You are very clumsy. (Dex -4)
Your magical capacity is very low. (-20% MP)
Potions are less effective at restoring your health.
You cannot train Dodging skill.
You cannot study or cast Fire magic.
You cannot study or cast Translocations magic.
You cannot study or cast Transmutations magic.
You take slightly more damage. (AC -5)
You are somewhat unskilled. (-1 Apt)
You reflexively headbutt those who attack you in melee.
Your flesh is cold resistant. (rC+)
Armour fits poorly on your strangely shaped body.
Your body sometimes deteriorates upon taking damage.
You are dopey. (Int -2)
You are frail. (-10% HP)
You occasionally shout uncontrollably at your foes.
You are covered in fur. (AC +1)
You are occasionally teleported next to monsters.
You are very weak. (Str -4)


Message History

Unknown command.
Unknown command.
Unknown command.
You puncture the Orb Guardian!
The Orb Guardian is severely wounded.
The Killer Klown blinks!
You redirect the white draconian's attack!
You block the Orb Guardian's attack.
The orb of fire glows deep purple.
Strange energies course through your body.
You feel clumsy.
The moth of wrath goads the quicksilver dragon on!
The quicksilver dragon goes berserk!
The moth of wrath goads the Orb Guardian on!
The Orb Guardian goes berserk!
You block the quicksilver dragon's attack. x2
You block the Orb Guardian's attack.
The Orb Guardian hits you but does no damage. x2
The purple draconian shifter gestures wildly while chanting.
The purple draconian shifter blinks!
You block the purple draconian's attack.
You block the tentacled monstrosity's attack.
The tentacled monstrosity completely misses you.
The tentacled monstrosity tentacle-slaps you but does no damage.
The tentacled monstrosity grabs you.
The tentacled monstrosity constricts you.
* * * LOW HITPOINT WARNING * * *
You take 3 damage, and have 21/191 hp.
Unknown command.
Unknown command.
Unknown command.
Unknown command.
You closely miss the Orb Guardian. Your headbutt misses the Orb Guardian.
The Orb Guardian is severely wounded.
You block the quicksilver dragon's attack. x2
The Orb Guardian hits you but does no damage.
You block the Orb Guardian's attack.
The moth of wrath begins to attack, but is stunned by your conviction!
The Orb Guardian hits you!!
You die...

▓▓▓▓▓▓▓▓▓▓▓▓▓▓
.......^.$dD.▓▓▓▓
.........q*XX...▓▓▓
........yXX@XX...^▓▓
.........d*DXp(....▓
..........dX.......▓
.d....Xq...........▓▓.
.^.....d.^.........▓§.
.d.§....d............
..............§..).▓
.................^.▓
.........§.§..X...§▓


You could see 2 orbs of fire, a Killer Klown, 2 tentacled monstrosities, a green
draconian monk, 2 draconians, a red draconian, 2 draconians, a purple draconian
shifter, a quicksilver dragon (berserk, blind, corona), 7 Orb Guardians, a
seven-headed hydra (berserk) and a moth of wrath.

Vanquished Creatures
  the Royal Jelly (Slime:5)
  2 dread liches
  3 orbs of fire
  2 juggernauts
  Frederick (Vaults:4)
  2 Killer Klowns
  Saint Roka (Orc:2)
  Margery (Vaults:4)
  2 curse toes
  2 golden dragons
  An electric golem (Zot:2)
  25 tentacled monstrosities
  10 Orb Guardians (Zot:5)
  A walking crystal tome (Depths:3)
  3 quicksilver dragons
  3 deep elf blademasters (Elf:3)
  A deep elf master archer (Elf:3)
  23 acid blobs
  A lich (Depths:4)
  9 sphinxes
  Gastronok (Lair:1)
  5 death cobs
  4 titans (Vaults:5)
  Agnes (D:14)
  2 thorn hunters (Swamp:4)
  10 shadow dragons
  9 storm dragons
  4 azure jellies
  3 fenstrider witches (Swamp:4)
  The ghost of Aarinfel the Bludgeoner, an adept GrGl of Gozag (Spider:4)
  5 tengu reavers
  15 draconian monks
  8 rockslimes
  5 draconian scorchers
  6 frost giants
  5 draconian knights
  11 deep elf sorcerers
  2 iron dragons
  10 emperor scorpions
  8 fire giants
  4 orc warlords
  18 vault wardens
  7 deep elf elementalists
  12 ghost moths
  A caustic shrike zombie (D:15)
  A balrug (Depths:4)
  3 draconian shifters
  3 draconian stormcallers
  4 war gargoyles
  27 ironbound preservers
  11 ironbound thunderhulks
  A ghoul (Swamp:4)
  A quicksilver ooze (shapeshifter) (Vaults:5)
  12 stone giants
  4 draconian annihilators
  28 very ugly things
  A reaper (IceCv)
  8 green draconians
  4 broodmothers
  6 quicksilver oozes
  2 vampire knights
  2 eleionomae
  5 black draconians
  6 entropy weavers
  The ghost of 2FriedEggs the Basher, a journeyman FoMo of Makhleb (Lair:6)
  2 demonspawn black suns (Zot:3)
  7 deep elf demonologists
  8 deep elf annihilators
  An entropy weaver (shapeshifter) (Vaults:5)
  5 purple draconians
  6 red draconians
  10 spark wasps
  A minotaur (Gauntlet)
  12 dire elephants
  9 ettins
  3 bunyips (Swamp:4)
  6 white draconians
  9 deep elf death magi
  17 yellow draconians
  The ghost of Cestro the Victor of a Thousand Battles, a journeyman DsFi of Okawaru (D:15)
  A shambling mangrove (Swamp:4)
  3 crystal guardians (Vaults:4)
  3 blizzard demons
  15 yaktaur captains
  6 deep elf high priests
  13 fire dragons
  9 great orbs of eyes
  34 vault guards
  6 ice dragons
  2 spriggan air magi
  A caustic shrike simulacrum (Depths:3)
  4 ghost crabs (Swamp:4)
  4 ogre magi
  2 radroaches
  7 jorogumos
  A juggernaut simulacrum (D:15)
  12 hydras
  2 rakshasas
  3 peacekeepers
  4 ironbound frosthearts
  An anaconda (shapeshifter) (Depths:3)
  8 boulder beetles
  14 centaur warriors
  15 alligators
  2 deep troll shamans
  32 dancing weapons
  7 tengu warriors
  14 deep troll earth magi
  4 orc high priests (Orc:2)
  3 death yaks (Lair:5)
  5 spriggan berserkers
  12 two-headed ogres
  9 spriggans
  Nergalle (D:11)
  7 hell knights
  A shock serpent (shapeshifter) (Depths:3)
  13 deep elf knights
  2 soul eaters (Swamp:4)
  A storm dragon zombie (D:15)
  2 sun demons (Depths:4)
  A spectral spark wasp (D:15)
  2 sixfirhies (Swamp:4)
  3 pharaoh ants
  3 death drakes
  2 salamander mystics
  A death drake (shapeshifter) (D:14)
  4 glowing orange brains
  An orb spider (shapeshifter) (Vaults:5)
  5 iron trolls
  A flayed ghost (Depths:4)
  7 bog bodies
  A golden dragon zombie (D:15)
  6 steelbarb worms
  13 orb spiders
  4 goliath frogs
  2 swamp dragons
  63 deep trolls
  A tengu zombie (D:15)
  19 wizards
  An orange crystal statue (Depths:3)
  5 phantasmal warriors
  3 spriggan druids
  12 orc knights
  13 lindwurms
  Pikel (D:5)
  10 deep elf archers
  29 wolf spiders
  23 deep elf zephyrmancers
  14 ironbound convokers
  9 orc sorcerers
  4 will-o-the-wisps
  5 necromancers
  3 oklob plants
  49 ugly things
  25 deep elf pyromancers
  49 slime creatures
  A spectral ettin (D:15)
  3 manticores
  2 black mambas (Lair:6)
  6 cyclopes
  5 salamanders
  3 shining eyes
  An apocalypse crab (Gauntlet)
  2 eyes of devastation (Slime:5)
  31 moths of wrath
  2 guardian serpents (Depths:2)
  9 cane toads
  A rust devil (Depths:2)
  5 torpor snails
  14 elephants
  2 ice statues (IceCv)
  A smoke demon (Gauntlet)
  6 orange demons
  15 vault sentinels
  2 guardian serpents (shapeshifter)
  A titan simulacrum (Depths:3)
  4 molten gargoyles
  2 freezing wraiths
  3 demonic crawlers
  A tormentor (Depths:2)
  10 komodo dragons
  2 anaconda simulacra (IceCv)
  6 rime drakes
  A spark wasp simulacrum (Depths:3)
  4 kobold demonologists
  A komodo dragon (shapeshifter) (Depths:3)
  2 entropy weaver simulacra (IceCv)
  4 efreet
  9 ice devils
  33 yaktaurs
  2 hellwings (Swamp:4)
  A golden dragon simulacrum (Depths:3)
  A red devil (Depths:1)
  A tengu conjurer (D:14)
  11 trolls
  21 meliai
  A silent spectre (Orc:1)
  A queen bee (Gauntlet)
  A bloated husk (Swamp:2)
  A hornet (shapeshifter) (D:14)
  15 tyrant leeches
  43 tarantellas
  5 polar bears
  13 hornets
  25 blink frogs
  2 centaur simulacra (D:14)
  5 dream sheep (Lair:6)
  31 culicivoras
  32 jumping spiders
  5 air elementals
  9 wyverns
  A vampire (D:13)
  5 wraiths
  2 shadows
  6 water elementals
  5 dire elephant simulacra (IceCv)
  51 yaks
  3 golden eyes
  13 basilisks
  A human (shapeshifter) (D:14)
  A ynoxinul (Depths:2)
  4 fire elementals
  5 steam dragons
  62 redbacks
  3 neqoxecs
  18 vampire mosquitoes
  2 wargs
  A harpy simulacrum (IceCv)
  13 swamp worms
  3 acid dragons
  Duvessa (D:7)
  10 water moccasins
  2 floating eyes (Depths:3)
  4 hell hounds (Lair:6)
  48 orc warriors
  3 sky beasts
  2 black bears
  10 ogres
  3 swamp drakes (Swamp:2)
  3 boggarts (Vaults:3)
  4 wolves
  10 centaurs
  A centaur (shapeshifter) (D:15)
  A phantom (D:4)
  5 kobold brigands
  A gnoll sergeant (D:13)
  20 bullfrogs
  A two-headed ogre simulacrum (IceCv)
  3 scorpions
  2 wyvern zombies (D:8)
  3 earth elementals
  Dowan (D:7)
  An elephant simulacrum (IceCv)
  4 killer bees (Gauntlet)
  16 wights
  A howler monkey (D:10)
  2 electric eels
  6 lava snakes
  3 crimson imps (Gauntlet)
  5 centaur zombies
  32 orc priests
  19 jellies
  2 gnoll shamans
  2 hounds
  2 bullfrog skeletons (D:5)
  3 centaur skeletons (D:7)
  An iguana (D:5)
  A scorpion zombie (D:5)
  30 orc wizards
  A hell rat (Lair:4)
  A polar bear simulacrum (IceCv)
  A spriggan simulacrum (IceCv)
  2 howler monkey zombies
  A howler monkey skeleton (D:6)
  2 river rats (D:6)
  5 adders
  24 gnolls
  2 shadow imps
  A white imp (D:8)
  An ufetubus (IceCv)
  A worm (D:3)
  A dart slug (D:4)
  136 orcs
  3 endoplasms
  4 giant cockroaches
  13 goblins
  21 hobgoblins
  2 jackals (D:1)
  2 quokkas
  6 ball pythons
  2 ball python skeletons (Ossuary)
  10 bats
  3 frilled lizards
  A hobgoblin zombie (Ossuary)
  15 kobolds
  A kobold zombie (Ossuary)
  An orc skeleton (Ossuary)
  2 orc zombies (Ossuary)
  3 rats
2312 creatures vanquished.

Vanquished Creatures (others)
  An acid blob (Slime:4)
  A draconian knight (Zot:1)
  A vault warden (Vaults:4)
  A fire giant (Vaults:5)
  A draconian annihilator (Zot:4)
  A yellow draconian (Zot:1)
  A bunyip (Swamp:4)
  A deep elf annihilator (Elf:3)
  A vault guard (Vaults:5)
  3 deep trolls
  A pharaoh ant (Spider:4)
  A deep elf zephyrmancer (Elf:2)
  A deep elf pyromancer (Elf:1)
  A harpy (Vaults:5)
  An orc sorcerer (Orc:2)
  A gargoyle (D:12)
  2 bloated husks
  A tarantella (Spider:3)
  A golden eye (Slime:4)
  A swamp worm (Swamp:4)
  2 orc warriors
  A jelly (Zot:1)
  An orc priest (Orc:2)
  An orc wizard (Elf:1)
  3 orcs
  A kobold (D:10)
  A demonic plant (Gauntlet)
  12 foxfires
  34 fungi
  67 plants
146 creatures vanquished.

Grand Total: 2458 creatures vanquished

Notes
Turn   | Place    | Note
-------+----------+-------------------------------------------
     0 | D:1      | Orthodox the Minotaur Fighter began the quest for the Orb.
     0 | D:1      | Reached XP level 1. HP: 19/19 MP: 0/0
   205 | D:1      | Reached XP level 2. HP: 23/27 MP: 1/1
   306 | D:1      | Reached skill level 4 in Fighting
   970 | D:2      | Identified a scroll of acquirement
   971 | D:2      | Acquired the +9 eveningstar "Vosaepach" {spect, Fragile
                  | Will+ Str+3 Dex+3}
  1419 | D:2      | Reached XP level 3. HP: 33/33 MP: 2/2
  1507 | D:2      | Reached skill level 1 in Maces & Flails
  1512 | D:2      | Reached XP level 4. HP: 27/41 MP: 3/3
  1974 | D:3      | Reached skill level 5 in Fighting
  2178 | D:2      | Reached XP level 5. HP: 46/48 MP: 4/4
  2391 | D:3      | Found a snail-covered altar of Cheibriados.
  3082 | D:4      | Reached skill level 6 in Fighting
  3158 | D:4      | Found a sand-covered staircase.
  3172 | Ossuary  | Entered an ossuary
  3208 | Ossuary  | Reached skill level 5 in Shields
  3236 | Ossuary  | Reached XP level 6. HP: 23/54 MP: 5/5
  3490 | Ossuary  | Noticed a flying skull
  3490 | Ossuary  | Noticed a wraith
  3510 | Ossuary  | Noticed a flying skull
  3516 | Ossuary  | Noticed a flying skull
  3517 | Ossuary  | Noticed a wraith
  3520 | Ossuary  | Killed a wraith
  3521 | Ossuary  | Reached skill level 7 in Fighting
  3521 | Ossuary  | Reached XP level 7. HP: 64/66 MP: 6/6
  3534 | Ossuary  | Noticed a wraith
  3536 | Ossuary  | Killed a wraith
  3537 | Ossuary  | Reached skill level 5 in Maces & Flails
  3542 | Ossuary  | Noticed a flying skull
  3543 | Ossuary  | Noticed a flying skull
  4312 | D:5      | Entered Level 5 of the Dungeon
  4358 | D:5      | Reached XP level 8. HP: 72/74 MP: 7/7
  4359 | D:5      | Reached skill level 8 in Fighting
  4359 | D:5      | Found Edo Juoz's Assorted Antiques.
  4364 | D:5      | Identified the +5 trident of Ambiguity {elec, Str+3 Int+3}
  4398 | D:5      | Bought a scroll labelled LEOSUGR ZAGAC for 34 gold pieces
  4445 | D:5      | Noticed Pikel
  4467 | D:5      | Killed Pikel
  4791 | D:5      | Reached skill level 9 in Fighting
  5341 | D:6      | Reached XP level 9. HP: 84/84 MP: 8/8
  5439 | D:6      | Reached skill level 10 in Maces & Flails
  5498 | D:6      | Found a glowing drain.
  5514 | Sewer    | Entered a sewer
  5606 | D:6      | Found a staircase to the Ecumenical Temple.
  5619 | D:6      | Reached skill level 10 in Fighting
  5623 | Temple   | Entered the Ecumenical Temple
  5766 | Temple   | Became a worshipper of Ru the Awakened
  6063 | D:6      | Found a hazy altar of Hepliaklqana.
  6209 | D:7      | Noticed Duvessa
  6210 | D:7      | Noticed Dowan
  6214 | D:7      | Killed Duvessa
  6216 | D:7      | Killed Dowan
  6356 | D:7      | Found a flagged portal.
  6382 | Bailey   | Entered a bailey
  6456 | Bailey   | Noticed an orc knight
  6473 | Bailey   | Killed an orc knight
  6474 | Bailey   | Reached skill level 11 in Fighting
  6474 | Bailey   | Reached XP level 10. HP: 53/95 MP: 9/9
  7018 | Bailey   | Noticed an orc knight
  7037 | Bailey   | Killed an orc knight
  7038 | Bailey   | Reached skill level 5 in Armour
  7134 | Bailey   | Noticed an orc warlord
  7154 | Bailey   | Killed an orc warlord
  7274 | Bailey   | Acquired 504 gold pieces
  7433 | D:7      | Reached skill level 12 in Fighting
  7447 | D:7      | Gained mutation: You cannot study or cast Fire magic. [Ru
                  | sacrifice]
  7447 | D:7      | Gained mutation: You cannot study or cast Transmutations
                  | magic. [Ru sacrifice]
  7447 | D:7      | Gained mutation: You cannot study or cast Translocations
                  | magic. [Ru sacrifice]
  7447 | D:7      | Reached * piety under Ru
  7940 | D:8      | Found a staircase to the Lair.
  7988 | D:8      | Noticed a two-headed ogre
  7994 | D:8      | Killed a two-headed ogre
  8246 | D:8      | Noticed a five-headed hydra
  8249 | D:8      | Killed a five-headed hydra
  8250 | D:8      | Reached XP level 11. HP: 86/105 MP: 10/10
  8404 | D:8      | Noticed a two-headed ogre
  8415 | D:8      | Killed a two-headed ogre
  8709 | D:8      | Reached skill level 13 in Fighting
  9004 | D:9      | Noticed a centaur warrior
  9232 | D:8      | Identified the +7 dagger "Puuffor" {flame, Fragile rPois
                  | Dex-4 SInv}
  9593 | D:9      | Gained mutation: You cannot train Dodging skill. [Ru
                  | sacrifice]
  9593 | D:9      | Reached ** piety under Ru
 10096 | Lair:1   | Entered Level 1 of the Lair of Beasts
 10221 | Lair:1   | Noticed Gastronok
 10243 | Lair:1   | Killed Gastronok
 10442 | Lair:1   | Reached skill level 14 in Fighting
 10449 | Lair:1   | Acquired the ring of Dithmenos's Wrath {rPois Will+ AC+4
                  | Int-2 Dex+6}
 10820 | Lair:1   | Reached XP level 12. HP: 117/117 MP: 11/11
 10871 | Lair:1   | Gained mutation: You are somewhat unskilled. (-1 Apt) [Ru
                  | sacrifice]
 10871 | Lair:1   | Reduced skill Fighting to level 13
 10871 | Lair:1   | Reached *** piety under Ru
 12107 | Lair:2   | Found a hole to the Spider Nest.
 12559 | Lair:3   | Found the +2 Maxwell's thermic engine {flame, freeze}
 12677 | Lair:3   | Gained mutation: Potions are less effective at restoring
                  | your health. [Ru sacrifice]
 12677 | Lair:3   | Reached **** piety under Ru
 12710 | Lair:3   | Reached skill level 14 in Fighting
 13114 | Lair:3   | Found a glowing golden altar of the Shining One.
 13905 | Lair:4   | Found a staircase to the Swamp.
 13975 | Lair:4   | Reached skill level 10 in Armour
 13978 | Lair:4   | Reached XP level 13. HP: 118/125 MP: 12/12
 14389 | Lair:5   | Reached skill level 15 in Maces & Flails
 14502 | Lair:5   | Acquired the amulet of Fogoopp {Reflect rPois rC- Will++
                  | SH+5}
 15138 | Lair:6   | Entered Level 6 of the Lair of Beasts
 15164 | Lair:6   | Reached skill level 15 in Fighting
 15593 | Lair:6   | Found a runed translucent door.
 15593 | Lair:6   | Noticed 2FriedEggs's ghost (journeyman FoMo)
 15617 | Lair:6   | Reached skill level 10 in Shields
 15783 | Lair:6   | Found a viscous altar of Jiyva.
 15783 | Lair:6   | Found a staircase to the Slime Pits.
 15984 | Lair:6   | Reached skill level 16 in Fighting
 16340 | Lair:6   | Noticed a fire dragon
 16355 | Lair:6   | Reached XP level 14. HP: 137/137 MP: 13/13
 16440 | Lair:6   | Found a large runed translucent door.
 16440 | Lair:6   | Found a large runed translucent door.
 17408 | Lair:6   | Killed 2FriedEggs's ghost
 17629 | D:10     | Entered Level 10 of the Dungeon
 17736 | D:10     | Found a staircase to the Orcish Mines.
 17743 | D:10     | Found Peugoram's Armour Shoppe.
 17791 | D:10     | Bought a +0 cloak for 45 gold pieces
 17978 | D:10     | Gained mutation: You take slightly more damage. (AC -5) [Ru
                  | sacrifice]
 17978 | D:10     | Reached ***** piety under Ru
 18118 | D:10     | Identified the ring of Hylaw {rCorr Str-4 Int+4 Dex+6}
 18420 | D:10     | Found a stormy altar of Qazlal.
 18420 | D:10     | Found a faded altar of an unknown god.
 18428 | D:10     | Found a faded altar of an unknown god.
 18430 | D:10     | Found a glowing golden altar of the Shining One.
 18432 | D:10     | Found an iron altar of Okawaru.
 18679 | D:11     | Reached skill level 17 in Fighting
 18692 | D:11     | Noticed Nergalle
 18698 | D:11     | Killed Nergalle
 18965 | D:11     | Found a frozen archway.
 18971 | IceCv    | Entered an ice cave
 19471 | IceCv    | Gained mutation: You are clumsy. (Dex -2) [Ru sacrifice]
 19793 | IceCv    | Noticed a reaper
 19815 | IceCv    | Killed a reaper
 20139 | IceCv    | Got the Volume of the Tired Yaks
 20637 | D:12     | Found a gate leading to a gauntlet.
 20646 | Gauntlet | Entered a Gauntlet
 20646 | Gauntlet | Found a transporter.
 20646 | Gauntlet | Found a transporter.
 20646 | Gauntlet | Found a transporter.
 20656 | Gauntlet | Found a transporter.
 20659 | Gauntlet | Found a transporter.
 20669 | Gauntlet | Found a transporter.
 20670 | Gauntlet | Found a transporter.
 20678 | Gauntlet | Found a transporter.
 20692 | Gauntlet | Found a large runed translucent door.
 20693 | Gauntlet | Found a large runed translucent door.
 20694 | Gauntlet | Found a large runed translucent door.
 20694 | Gauntlet | Found a large runed translucent door.
 20695 | Gauntlet | Found a runed translucent gate.
 20696 | Gauntlet | Found a transporter.
 20696 | Gauntlet | Found a runed translucent gate.
 20697 | Gauntlet | Found a runed translucent gate.
 20698 | Gauntlet | Found a large runed translucent door.
 20698 | Gauntlet | Found a large runed translucent door.
 20699 | Gauntlet | Found a large runed translucent door.
 20700 | Gauntlet | Found a large runed translucent door.
 20709 | Gauntlet | Found a large runed translucent door.
 20709 | Gauntlet | Found a large runed translucent door.
 20709 | Gauntlet | Found a runed translucent door.
 20709 | Gauntlet | Found a runed translucent door.
 20710 | Gauntlet | Found a large runed translucent door.
 20711 | Gauntlet | Found a large runed translucent door.
 20713 | Gauntlet | Found a transporter.
 20716 | Gauntlet | Found a transporter.
 20727 | Gauntlet | Found a transporter.
 20777 | Gauntlet | Found a large runed translucent door.
 20778 | Gauntlet | Found a large runed translucent door.
 20779 | Gauntlet | Found a large runed translucent door.
 20779 | Gauntlet | Found a large runed translucent door.
 21060 | Gauntlet | Identified the +2 hat of Prudence {Harm rElec rF- Str-2}
 21076 | Gauntlet | Identified the amulet "Keobesaq" {RegenMP rC++}
 22077 | D:12     | Gained mutation: Your magical capacity is low. (-10% MP)
                  | [Ru sacrifice]
 22077 | D:12     | Reached ****** piety under Ru
 22694 | D:13     | You fall into a shaft and drop 2 floors!
 22694 | D:15     | Entered Level 15 of the Dungeon
 22747 | D:14     | Found a hazy altar of Hepliaklqana.
 22864 | D:14     | Noticed Agnes
 22870 | D:14     | Killed Agnes
 22871 | D:14     | Reached XP level 15. HP: 119/149 MP: 12/12
 23113 | D:14     | Found a gate to the Vaults.
 23686 | D:14     | Reached skill level 18 in Fighting
 24773 | D:14     | Identified the ring "Agrebak" {rPois Slay+3}
 24780 | D:14     | Identified the ring "Xeret" {rPois rF+ Dex+6}
 24799 | D:14     | Identified the ring of Oseth {Wiz rF+ rC+ Str+2 Dex-3}
 24887 | D:14     | Identified the ring of Ruonis {rElec MP+9 SInv Stlth+}
 26494 | D:15     | Found a runed translucent gate.
 26494 | D:15     | Found a runed translucent gate.
 26494 | D:15     | Found a runed translucent gate.
 26495 | D:15     | Noticed Cestro's ghost (journeyman DsFi)
 26495 | D:15     | Found the +3 pair of seven-league boots {Rampage+∞}
 26503 | D:15     | Found a stormy altar of Qazlal.
 27190 | D:15     | Found a sacrificial altar of Ru.
 27318 | D:15     | Reached skill level 19 in Fighting
 27365 | D:15     | Found a staircase to the Depths.
 27630 | D:15     | Killed Cestro's ghost
 27844 | Orc:1    | Entered Level 1 of the Orcish Mines
 28118 | Orc:1    | Found a bloodstained altar of Trog.
 28118 | Orc:1    | Found the +8 Wrath of Trog {antimagic, *Rage Rampage}
 28234 | Orc:2    | Entered Level 2 of the Orcish Mines
 28497 | Orc:2    | Noticed an orc warlord
 28515 | Orc:2    | Killed an orc warlord
 28613 | Orc:1    | Found a transporter.
 28697 | Orc:1    | Found a transporter.
 28747 | Orc:2    | Reached skill level 20 in Fighting
 28901 | Orc:2    | Found Mutos's Antique Armour Boutique.
 28910 | Orc:2    | Reached XP level 16. HP: 144/163 MP: 13/13
 28992 | Orc:2    | Found Jeshre's Jewellery Shop.
 29310 | Orc:2    | Found a staircase to the Elven Halls.
 29518 | Orc:2    | Noticed Saint Roka
 29560 | Orc:2    | Killed Saint Roka
 29988 | Orc:2    | Found Vifil's Jewellery Boutique.
 30263 | Orc:2    | Found Giz Foysi's Jewellery Emporium.
 30276 | Orc:2    | Reached skill level 21 in Fighting
 30613 | Orc:1    | Found a runed translucent door.
 31292 | Orc:1    | Identified the +9 plate armour of the Thinker {*Corrode
                  | rPois Will++ Stlth+}
 31304 | Orc:1    | Identified the +6 great sword of the Last Orbs {drain,
                  | *Corrode rPois Str-2 Dex+4}
 31580 | Swamp:1  | Entered Level 1 of the Swamp
 31875 | Swamp:1  | Noticed a tentacled monstrosity
 31893 | Swamp:1  | Killed a tentacled monstrosity
 31894 | Swamp:1  | Reached skill level 22 in Fighting
 32185 | Swamp:1  | Noticed a tentacled monstrosity
 32202 | Swamp:1  | Killed a tentacled monstrosity
 33419 | Swamp:3  | Identified the +3 scale mail of the Baker {rF+}
 33531 | Swamp:3  | Noticed a tentacled monstrosity
 33543 | Swamp:3  | Killed a tentacled monstrosity
 33999 | Swamp:3  | Identified the +4 longbow "Mukemp" {vorpal, rElec rC+ rN+}
 34109 | Swamp:4  | Entered Level 4 of the Swamp
 34227 | Swamp:4  | Reached XP level 17. HP: 177/177 MP: 14/14
 36090 | Swamp:4  | Noticed a tentacled monstrosity
 36096 | Swamp:4  | Killed a tentacled monstrosity
 36311 | Swamp:4  | Noticed a tentacled monstrosity
 36320 | Swamp:4  | Killed a tentacled monstrosity
 36736 | Swamp:4  | Got a decaying rune of Zot
 37034 | Spider:1 | Entered Level 1 of the Spider Nest
 38423 | Spider:2 | Reached XP level 18. HP: 179/182 MP: 15/15
 38456 | Spider:2 | Found a runed translucent door.
 38481 | Spider:2 | Identified the +0 kite shield of Atheism {Dex+4}
 38502 | Spider:2 | Reached skill level 15 in Armour
 38516 | Spider:2 | Reached skill level 15 in Shields
 41051 | Spider:4 | Entered Level 4 of the Spider Nest
 41769 | Spider:4 | Found a runed translucent gate.
 41783 | Spider:4 | Found a runed translucent gate.
 41795 | Spider:4 | Found a runed translucent gate.
 41885 | Spider:4 | Noticed Aarinfel's ghost (adept GrGl)
 42844 | Spider:4 | Got a gossamer rune of Zot
 43016 | Spider:4 | Killed Aarinfel's ghost
 43017 | Spider:4 | Reached XP level 19. HP: 157/193 MP: 11/16
 43172 | Spider:4 | Lost intelligence.
 43298 | Spider:4 | Identified the +0 pair of gloves of the Fife {Harm}
 43841 | Depths:1 | Entered Level 1 of the Depths
 44561 | Elf:1    | Entered Level 1 of the Elven Halls
 45471 | Elf:1    | Found a portal to a secret trove of treasure.
 45504 | Elf:1    | Paralysed by an air elemental for 1 turns
 45748 | Elf:1    | Identified the +1 ring mail of Salvation {MP+9}
 46673 | Elf:1    | Found Cupueph's Weapon Emporium.
 46744 | Elf:1    | Found a runed translucent gate.
 46744 | Elf:1    | Found a runed translucent gate.
 46744 | Elf:1    | Found a runed translucent gate.
 46744 | Elf:1    | Found a runed translucent gate.
 46744 | Elf:1    | Found a runed translucent gate.
 46744 | Elf:1    | Found a runed translucent gate.
 47331 | Elf:2    | Found Naupsoll's Armour Emporium.
 47337 | Elf:2    | Paralysed by an air elemental for 1 turns
 47341 | Elf:2    | Paralysed by an air elemental for 1 turns
 47487 | Elf:2    | Bought a +2 pair of gloves of stealth for 322 gold pieces
 47537 | Elf:2    | Found a runed translucent gate.
 47537 | Elf:2    | Found a runed translucent gate.
 47537 | Elf:2    | Found a runed translucent gate.
 47551 | Elf:2    | Identified the +10 war axe of Ascent {antimagic, rPois rC-
                  | Int+7 Dex+2}
 47569 | Elf:2    | Found Moll's Magic Scroll Emporium.
 47581 | Elf:2    | Paralysed by an air elemental for 1 turns
 47703 | Elf:2    | Bought a scroll of teleportation for 51 gold pieces
 47703 | Elf:2    | Bought a scroll of teleportation for 51 gold pieces
 47703 | Elf:2    | Bought a scroll of teleportation for 51 gold pieces
 47766 | Elf:2    | Found Soniodoc's Antique Weapon Boutique.
 47807 | Elf:2    | Found Siuth's Antique Armour Shoppe.
 47817 | Elf:2    | Bought a pair of faintly humming gloves for 351 gold pieces
 47817 | Elf:2    | Identified the +1 pair of gloves of the Rose {rC- Str+9
                  | Int-3 Stlth+} (You bought it in a shop on level 2 of the
                  | Elven Halls)
 47817 | Elf:2    | Bought a twisted tower shield for 351 gold pieces
 47817 | Elf:2    | Identified the +8 tower shield of Circular Logic {rPois
                  | Regen+} (You bought it in a shop on level 2 of the Elven
                  | Halls)
 47893 | Elf:2    | Found Larorch's Book Emporium.
 47932 | Elf:2    | Paralysed by an air elemental for 1 turns
 48458 | Elf:3    | Entered Level 3 of the Elven Halls
 49330 | Elf:3    | Reached XP level 20. HP: 201/201 MP: 17/17
 49512 | Elf:3    | Paralysed by an air elemental for 1 turns
 49661 | Elf:2    | Bought a scroll of teleportation for 51 gold pieces
 49914 | Elf:3    | Identified the +12 rapier of Suafom {protect, rPois rF+
                  | Int+4}
 50009 | Elf:3    | Identified the +1 leather armour "Iharriann" {+Inv Dex+3}
 50019 | Elf:3    | Got the Tome of Confrontation
 50033 | Elf:3    | Identified the +9 crystal plate armour of the Trilobite
                  | {Fly Dex+6 Stlth+}
 50418 | Vaults:1 | Entered Level 1 of the Vaults
 51314 | Vaults:1 | Found a runed translucent door.
 51314 | Vaults:1 | Found a shimmering altar of Xom.
 51314 | Vaults:1 | Identified the +9 lajatang "Hurphuef" {chaos, +Blink Fly
                  | rElec Str-5}
 51314 | Vaults:1 | Noticed Faydane's ghost (veteran HuFi)
 51778 | Vaults:1 | Reached XP level 21. HP: 210/210 MP: 17/17
 52037 | Vaults:2 | Reached skill level 23 in Fighting
 52069 | Vaults:2 | Found Ibygaot's Jewellery Shoppe.
 52102 | Vaults:2 | Found Geofes's Antique Armour Boutique.
 52126 | Vaults:2 | Found Xifaruv's Book Boutique.
 52187 | Vaults:2 | Found Ruklitt's Distillery.
 52198 | Vaults:2 | Bought a potion of curing for 60 gold pieces
 52198 | Vaults:2 | Bought a potion of resistance for 200 gold pieces
 52198 | Vaults:2 | Bought a potion of magic for 160 gold pieces
 52198 | Vaults:2 | Bought a potion of heal wounds for 100 gold pieces
 52460 | Vaults:2 | Found Wusuu's Armour Boutique.
 52468 | Vaults:2 | Bought the +2 cloak "Jemimum" {rElec rC+ MP+9 Dex-3} for
                  | 817 gold pieces
 53298 | Vaults:2 | Identified the +1 ring mail "Ceqexzas" {MP+9}
 53517 | Vaults:3 | Found a staircase to the Crypt.
 53903 | Vaults:3 | Identified the +8 spear of Hacking and Slashing {chaos, rC+
                  | Str+4 SInv}
 54877 | Vaults:4 | Noticed Frederick
 54898 | Vaults:4 | Killed Frederick
 55387 | Vaults:4 | Reached XP level 22. HP: 222/222 MP: 18/18
 55587 | Vaults:4 | Found Noras's General Store.
 55622 | Vaults:4 | Bought a potion of curing for 51 gold pieces
 56428 | Depths:1 | Reached skill level 24 in Fighting
 56823 | Depths:1 | Found a gateway to Hell.
 56829 | Depths:1 | Gained mutation: You occasionally shout uncontrollably at
                  | your foes. [a neqoxec]
 56830 | Depths:1 | Found a one-way gate leading to the halls of Pandemonium.
 56891 | Depths:1 | Found a one-way gateway to a ziggurat.
 57346 | Depths:2 | Lost intelligence.
 57601 | Depths:2 | Found Gozag's Antique Armour Shop.
 57605 | Depths:2 | Noticed a golden dragon
 57606 | Depths:2 | Found an opulent altar of Gozag.
 57606 | Depths:2 | Found Gozag's Antique Weapon Boutique.
 57615 | Depths:2 | Found Gozag's Assorted Antiques.
 57681 | Depths:2 | Killed a golden dragon
 57815 | Depths:2 | Found Siheim's Jewellery Shoppe.
 58466 | Depths:3 | Found a one-way gate to the infinite horrors of the Abyss.
 58555 | Depths:3 | Found Anunuyko's Jewellery Boutique.
 58556 | Depths:3 | Found Ugeinwut's Book Emporium.
 58557 | Depths:3 | Found Qedumes's Jewellery Boutique.
 58865 | Depths:3 | Found a runed translucent door.
 58934 | Depths:3 | Found a runed translucent door.
 58938 | Depths:3 | Noticed a juggernaut
 59386 | Depths:3 | Identified the +2 mace "Maomp" {flame, Will+ Dex+3}
 59399 | Depths:3 | Killed a juggernaut
 59560 | Depths:4 | Entered Level 4 of the Depths
 59689 | Depths:4 | Reached XP level 23. HP: 230/232 MP: 19/19
 59703 | Depths:4 | Found a gate to the Realm of Zot.
 61541 | Vaults:5 | Entered Level 5 of the Vaults
 61542 | Vaults:5 | Noticed Margery
 61550 | Vaults:5 | Noticed a dread lich
 61565 | Vaults:4 | Killed Margery
 61566 | Vaults:4 | Reached skill level 25 in Fighting
 61627 | Vaults:5 | Killed a dread lich
 61647 | Vaults:5 | Identified the +4 quarterstaff "Leduosh" {pain, Will-
                  | Int+7}
 62876 | Vaults:5 | Reached XP level 24. HP: 229/243 MP: 19/19
 63016 | Vaults:5 | Identified the +0 pair of gloves of the Barnacle {Rampage
                  | rC++}
 63081 | Vaults:5 | Acquired the +3 hat of Tiarusit {Str+4}
 63348 | Vaults:5 | Got a silver rune of Zot
 63774 | Zot:1    | Entered Level 1 of the Realm of Zot
 63788 | Zot:1    | Noticed an orb of fire
 63793 | Zot:1    | Gained mutation: You are occasionally teleported next to
                  | monsters. [an orb of fire]
 63794 | Zot:1    | Gained mutation: You are frail. (-10% HP) [an orb of fire]
 63796 | Zot:1    | Killed an orb of fire
 64004 | Zot:1    | You are sucked into a shaft and drop 1 floor!
 64426 | Zot:1    | Lost mutation: You are occasionally teleported next to
                  | monsters. [potion of mutation]
 64426 | Zot:1    | Lost mutation: You occasionally shout uncontrollably at
                  | your foes. [potion of mutation]
 64426 | Zot:1    | Gained mutation: You expend magic power (3 MP) to
                  | strengthen your wands. [potion of mutation]
 64426 | Zot:1    | Gained mutation: Your spells are a little harder to cast,
                  | but a little more powerful. [potion of mutation]
 64426 | Zot:1    | Gained mutation: You have large cloven feet. [potion of
                  | mutation]
 64565 | Zot:1    | Reached skill level 26 in Fighting
 66550 | Zot:2    | Noticed a Killer Klown
 66554 | Zot:2    | Killed a Killer Klown
 67614 | Zot:4    | Noticed a Killer Klown
 67620 | Zot:4    | Killed a Killer Klown
 67693 | Zot:4    | Noticed an orb of fire
 67693 | Zot:4    | Gained mutation: You have hidden genetic defects. [an orb
                  | of fire]
 67695 | Zot:4    | Gained mutation: You have terrible hidden genetic defects.
                  | [an orb of fire]
 67705 | Zot:4    | Gained mutation: You are very clumsy. (Dex -4) [an orb of
                  | fire]
 67707 | Zot:4    | Killed an orb of fire
 67708 | Zot:4    | Reached XP level 25. HP: 79/213 MP: 19/19
 67815 | Zot:3    | Lost mutation: You have large cloven feet. [potion of
                  | mutation]
 67815 | Zot:3    | Lost mutation: Your spells are a little harder to cast, but
                  | a little more powerful. [potion of mutation]
 67815 | Zot:3    | Lost mutation: You are very clumsy. (Dex -4) [potion of
                  | mutation]
 67815 | Zot:3    | Gained mutation: Your flesh is cold resistant. (rC+)
                  | [potion of mutation]
 67816 | Zot:3    | Lost mutation: You expend magic power (3 MP) to strengthen
                  | your wands. [potion of mutation]
 67816 | Zot:3    | Lost mutation: Your flesh is cold resistant. (rC+) [potion
                  | of mutation]
 67816 | Zot:3    | Lost mutation: You are frail. (-10% HP) [potion of
                  | mutation]
 67816 | Zot:3    | Gained mutation: Your flesh is cold resistant. (rC+)
                  | [potion of mutation]
 67816 | Zot:3    | Gained mutation: You are resistant to electric shocks.
                  | (rElec) [potion of mutation]
 67816 | Zot:3    | Gained mutation: You are robust. (+10% HP) [potion of
                  | mutation]
 68336 | Slime:1  | Entered Level 1 of the Pits of Slime
 68344 | Slime:1  | Gained mutation: Potions cannot restore your health. [a
                  | shining eye]
 68439 | Slime:5  | Entered Level 5 of the Pits of Slime
 68701 | Slime:4  | Gained mutation: You are occasionally teleported next to
                  | monsters. [a shining eye]
 68703 | Slime:4  | Gained mutation: You are weak. (Str -2) [hidden defects]
 68705 | Slime:4  | Gained mutation: Your spells are a little easier to cast,
                  | but a little less powerful. [a shining eye]
 68738 | Slime:4  | Lost mutation: Your spells are a little easier to cast, but
                  | a little less powerful. [potion of mutation]
 68738 | Slime:4  | Lost mutation: Potions cannot restore your health. [potion
                  | of mutation]
 68738 | Slime:4  | Lost mutation: You are resistant to electric shocks.
                  | (rElec) [potion of mutation]
 68738 | Slime:4  | Gained mutation: Your mind is acute. (Int +2) [potion of
                  | mutation]
 68738 | Slime:4  | Gained mutation: You are partially covered in large bone
                  | plates. (SH +4) [potion of mutation]
 68899 | Slime:5  | Found a viscous altar of Jiyva.
 68967 | Slime:5  | Noticed the Royal Jelly
 68981 | Slime:5  | Killed the Royal Jelly
 69095 | Slime:5  | Identified the +4 hand crossbow of Putrescence {elec, rN+
                  | rCorr Int+4 Dex+3}
 69097 | Slime:5  | Got a slimy rune of Zot
 69101 | Slime:5  | Identified the ring of Oleruce {rElec Slay+4 SInv}
 69116 | Slime:5  | Identified the +1 leather armour of Nuwu {Str+4}
 69152 | Slime:5  | Got the Papyrus of Dark Flames
 69161 | Slime:5  | Identified the amulet of Jufeh {Reflect rPois rF++ Str-2
                  | SH+5}
 69317 | Slime:5  | Lost mutation: You are weak. (Str -2) [potion of mutation]
 69317 | Slime:5  | Lost mutation: You are robust. (+10% HP) [potion of
                  | mutation]
 69317 | Slime:5  | Lost mutation: You are partially covered in large bone
                  | plates. (SH +4) [potion of mutation]
 69318 | Slime:5  | Lost mutation: Your mind is acute. (Int +2) [potion of
                  | mutation]
 69318 | Slime:5  | Lost mutation: You have terrible hidden genetic defects.
                  | [potion of mutation]
 69318 | Slime:5  | Gained mutation: You are covered in fur. (AC +1) [potion of
                  | mutation]
 70168 | Zot:4    | Noticed an orb of fire
 70403 | Zot:3    | Gained mutation: You are weak. (Str -2) [an orb of fire]
 70404 | Zot:3    | Gained mutation: Your magical capacity is very low. (-20%
                  | MP) [an orb of fire]
 70406 | Zot:3    | Gained mutation: You are frail. (-10% HP) [an orb of fire]
 70414 | Zot:3    | Killed an orb of fire
 70555 | Zot:3    | Gained mutation: Armour fits poorly on your strangely
                  | shaped body. [hidden defects]
 70555 | Zot:3    | Lost mutation: You have hidden genetic defects. [hidden
                  | defects expressed]
 70690 | Zot:4    | Identified the +6 mace of Igadd {drain, rElec Str+6 Stlth+}
 70991 | Zot:4    | Noticed a Killer Klown
 70994 | Zot:4    | Noticed a juggernaut
 70994 | Zot:4    | a Killer Klown changed into a juggernaut
 71003 | Zot:4    | Killed a juggernaut
 71004 | Zot:4    | Reached skill level 27 in Fighting
 71143 | Zot:5    | Entered Level 5 of the Realm of Zot
 71707 | Zot:5    | Noticed a dread lich
 71714 | Zot:5    | Killed a dread lich
 71719 | Zot:5    | Noticed an ancient lich
 71723 | Zot:5    | Noticed a Killer Klown
 71723 | Zot:5    | Noticed a Killer Klown
 71723 | Zot:5    | Noticed a Killer Klown
 71723 | Zot:5    | Noticed an orb of fire
 71723 | Zot:5    | Noticed a Killer Klown
 71725 | Zot:5    | Noticed an orb of fire
 71728 | Zot:5    | Noticed a Killer Klown
 71730 | Zot:5    | Gained mutation: You are dopey. (Int -2) [an orb of fire]
 71731 | Zot:5    | Lost intelligence.
 71748 | Zot:5    | Gained mutation: Your body sometimes deteriorates upon
                  | taking damage. [an orb of fire]
 71750 | Zot:5    | Noticed a Killer Klown
 71750 | Zot:5    | Noticed a Killer Klown
 71750 | Zot:5    | Noticed an orb of fire
 71750 | Zot:5    | Noticed an orb of fire
 71750 | Zot:5    | Gained mutation: You are very weak. (Str -4) [an orb of
                  | fire]
 71751 | Zot:5    | a Killer Klown changed into a seven-headed hydra
 71752 | Zot:5    | Noticed a Killer Klown
 71767 | Zot:5    | Gained mutation: You occasionally shout uncontrollably at
                  | your foes. [an orb of fire]
 71770 | Zot:5    | Gained mutation: You are very clumsy. (Dex -4) [an orb of
                  | fire]
 71771 | Zot:5    | Slain by an Orb Guardian

Illustrated notes

Levels and vault maps discovered:
D:1:      elethiomel_arrival_quiet, layout_basic,
          hangedman_decor_clover_reticule
D:2:      layout_loops_corners, serial_forest, infiniplex_forest_end_2,
          infiniplex_forest_lined_3_way, infiniplex_forest_end_3,
          infiniplex_forest_clump_double, infiniplex_forest_clump_long,
          infiniplex_forest_clump_medium
D:3:      layout_rooms, lemuel_tele_altar, chequers_serial_rivers_small_3,
          grunt_ministairs_5, lemuel_old_faithful
D:4:      layout_loops_corners, nicolae_ossuary_entry_ruins, minmay_cut_off
D:5:      layout_loops_cross, serial_shops, shop, uniq_pikel
D:6:      layout_loops_ring, mainiacjoe_overflow_chevrons,
          minmay_temple_entry_large_hall, portal_sewer_entry_b,
          hangedman_abyss_or_decor_stagger
D:7:      minmay_spotlight, layout_rooms, enter_bailey_2, uniq_duvessa
D:8:      wad_river_or_something, layout_basic, david_lair_shrubbed
D:9:      layout_gridville
D:10:     layout_big_octagon, chequers_temple_overflow_minitemple, orc_david_3,
          minmay_fractal_squares_gapless_7
D:11:     layout_cave_pools, serial_ice, serial_ice_f, serial_ice_l,
          serial_ice_c, serial_ice_a, portal_ice_cave_rime, uniq_nergalle
D:12:     layout_basic, gauntlet_entry_generic
D:13:     layout_roguey, minmay_misc_feat_chi
D:14:     minmay_the_grid_triangle_9x9_rhombus_full_mashed
          [minmay_the_grid_triangle_9x9_alien,
          minmay_the_grid_triangle_9x9_semitri,
          minmay_the_grid_triangle_9x9_swiss_cheese,
          minmay_the_grid_triangle_9x9_stretched_checkered,
          minmay_the_grid_triangle_9x9_from_above,
          minmay_the_grid_triangle_9x9_minimal,
          minmay_the_grid_triangle_9x9_shrine,
          minmay_the_grid_triangle_9x9_prize_special], layout_stronghold,
          chequers_serial_rivers_small_a, hangedman_decor_slide_cut,
          nicolae_hepliaklqana_hazy_memory, uniq_agnes
D:15:     gammafunk_enter_depths_forms, layout_cave_pools,
          gammafunk_ghost_necromancy, nicolae_qazlal_eye_of_the_storm,
          nicolae_ru_the_path_less_chosen
Temple:   minmay_crystal_spiral_temple
Lair:1:   layout_gridlike, uniq_gastronok
Lair:2:   layout_cave_shapes, hellmonk_spider_entry_life_and_decay,
          minmay_lair_oklob_items
Lair:3:   layout_roguey, basic_altar
Lair:4:   layout_cave_pods, swamp_mist, st_stairs_5
Lair:5:   layout_roguey, cheibrodos_lair_lostbears, infiniplex_staircase_pool
Lair:6:   cheibrodos_lair_end_hotspot, layout_loops_ring, slime_altar_1,
          hellmonk_ghost_happy_afterlife
Swamp:1:  layout_basic_swamp, evilmike_swamp_ruin_house_4
Swamp:2:  layout_falls_marsh, nicolae_swamp_triple_paths
Swamp:3:  layout_falls_marsh, evilmike_swamp_ruin_rubble_2
Swamp:4:  nzn_swamp_witches_coven, layout_basic_swamp, swamp_pool1,
          nicolae_swamp_bean_lake
Spider:1: layout_spider_delve
Spider:2: cheibrodos_spider_deadly_dance, hangedman_spider_tarantella_strand
Spider:3: layout_cave_pods
Spider:4: grunt_spider_rune_circles, gammafunk_ghost_tricky_traps
Slime:1:  layout_caves
Slime:2:  layout_caves
Slime:3:  layout_caves
Slime:4:  layout_caves
Slime:5
Orc:1:    emtedronai_trogs_sanctum, layout_caves, basic_altar, mines2_david
Orc:2:    pubby_orc_utopia
Elf:1:    eino_elf_arrival_sip, layout_onion_city, serial_shops,
          nicolae_shop_bloodbath_and_beyond, enter_trove_5, orc_legates,
          grunt_ministairs_11, dk_noncrumbling_4
Elf:2:    elven_hall_of_blades_hangedman_original [mumra_blade_entry_bloodbath],
          layout_rooms, serial_shops, shop, shop, shop, shop,
          nicolae_shop_trees, nicolae_elf_blasts_and_bolts
Elf:3:    minmay_elf_hall_four_x, layout_rooms, grunt_megastairs_5
Vaults:1: ebering_ghost_xom, hangedman_vaults_slither,
          vaults_room_grunt_arrival_ludios, v_misc_27, st_smaller_cells,
          v_misc_17, v_rooms_4, nicolae_vaults_triangles, vaults_room_hallway,
          hangedman_vaults_slice, nicolae_vaults_shelves_hall,
          vaults_dpeg_hooks, layout_vaults_big_cross
Vaults:2: nicolae_vaults_asterisk, vaults_dpeg_ring, hangedman_vaults_impose,
          v_misc_32, nicolae_vaults_angled_halls, hangedman_vaults_cutoff,
          v_misc_10, nicolae_vaults_diagonal_hallway_6, vaults_room_fours,
          vaults_room_pools, layout_vaults_omnigrid, serial_shops,
          nicolae_shop_statue_plus, shop, shop_fountains,
          nicolae_shop_advertising_works [nicolae_subvault_shop_adworks],
          nicolae_square_shop
Vaults:3: st_cells, minmay_crypt_entry_simple_sparse, dpeg_vaults_monster_box,
          hangedman_vaults_snaps, v_misc_16, hangedman_vaults_trim,
          ontoclasm_vaults_hangar, vaults_mumra_chevron_long, serial_ice_h,
          vaults_dpeg_spiral, v_misc_11, v_alt_pattern_4,
          nicolae_vaults_network_square, layout_vaults_omnibox
Vaults:4: ontoclasm_vaults_bender, nicolae_vaults_mini_display_case,
          hangedman_vaults_unwind, nicolae_vaults_theta,
          nicolae_vaults_twisting_passages, v_pattern_5,
          layout_vaults_chaotic_city, serial_shops, shop, uniq_frederick
Vaults:5: uniq_margery
Depths:1: layout_cave_pools, enter_ziggurat_a, rand_demon_pan_entry_5,
          hangedman_coc_ice_floe, serial_co_window_serial, co_window_corner_a,
          co_window_of_opportunity_a, co_window_paths_a,
          co_window_of_opportunity_a, co_window_paths_b, co_window_paths_c,
          co_window_corner_cb, co_window_corner_b, co_window_cross_2,
          glass_columns_a, glass_columns_a, glass_columns_b, glass_columns_a,
          ebering_dispersal_statue_hall, minmay_statues_item,
          kennysheep_nondescript, minmay_misc_feat_tiny
Depths:2: kennysheep_gozag_temple, layout_gridlike, grunt_pan_entry_zigzag,
          serial_shops, nicolae_lakefront_shop, hell_entry, nicolae_benzene_ring
Depths:3: thingy_vault_2, layout_gridville, abyss_entry_crystal, hell_entry,
          pan_entry, amcnicky_mini_pool_small, minmay_shop_grove,
          minmay_staircase_bubble
Depths:4: evilmike_zot_entry_basic, layout_basic, lightli_too_deep, abyss_entry,
          grunt_megastairs_1
Zot:1:    lemuel_acid_trip, layout_concentric_octagons
Zot:2:    layout_gridville, nicolae_lava_and_water
Zot:3:    layout_misc_corridors
Zot:4:    dreamdust_black_sun_cult, layout_misc_corridors, zot_minivault_5
Zot:5:    layout_concentric_octagons, lemuel_baited_zot_trap, grunt_ministairs_6

Skill      XL: |  1  2  3  4  5  6  7  8  9 10 11 12 13 14 15 16 17 18 19 20 21 22 23 24 25 |
---------------+----------------------------------------------------------------------------+-----
Fighting       | 4 5 6 7 9 11 12 14 14 16 17 20 22 23 24 25 26 27 | 27.0
Shields        | 4 5 8 9 10 11 14 17 19 20 21 22 23 24 25 | 25.7
Maces & Flails | 1 2 3 4 7 9 11 13 14 14 16 18 20 21 22 23 24 25 | 25.4
Armour         | 4 7 9 10 11 14 17 19 21 22 23 24 25 | 25.7
Short Blades   | |  2.6

Action                   |  1- 3 |  4- 6 |  7- 9 | 10-12 | 13-15 | 16-18 | 19-21 | 22-24 | 25-27 || total
-------------------------+-------+-------+-------+-------+-------+-------+-------+-------+-------++-------
Melee: Rapier            |    24 |       |       |       |       |       |       |       |       ||    24
       Headbutt          |     5 |     6 |    15 |    71 |   210 |   325 |   383 |   395 |   159 ||  1569
       Eveningstar       |    12 |    58 |   139 |   295 |   766 |  1105 |  1106 |  1114 |   425 ||  5020
Throw: Javelin           |       |       |     3 |     5 |       |     1 |       |       |       ||     9
Invok: Sacrifice Arcana  |       |       |       |     1 |       |       |       |       |       ||     1
       Sacrifice Nimblen |       |       |       |     1 |       |       |       |       |       ||     1
       Sacrifice Purity  |       |       |       |     1 |     1 |       |       |       |       ||     2
       Sacrifice Skill   |       |       |       |     1 |       |       |       |       |       ||     1
       Reject Sacrifices |       |       |       |     1 |       |       |       |       |       ||     1
       Sacrifice Essence |       |       |       |       |     1 |       |       |       |       ||     1
       Sacrifice Health  |       |       |       |       |     1 |       |       |       |       ||     1
       Draw Out Power    |       |       |       |       |       |     2 |     2 |     1 |     2 ||     7
       Apocalypse        |       |       |       |       |       |       |     1 |     8 |     1 ||    10
Evoke: Wand              |       |       |       |     1 |       |     1 |       |     1 |       ||     3
  Use: Scroll            |     3 |     1 |     5 |    13 |     7 |     4 |     5 |     7 |     2 ||    47
       Potion            |       |     5 |     2 |     2 |     4 |       |       |     6 |    15 ||    34
 Stab: Distracted        |       |       |     1 |     4 |    21 |    17 |    36 |    40 |    13 ||   132
       Invisible         |       |       |       |     1 |     8 |    14 |     4 |    10 |     3 ||    40
       Paralysed         |       |       |       |       |       |     8 |     3 |    29 |       ||    40
Armor: Scale mail        |    11 |     7 |       |       |       |       |       |       |       ||    18
       Ring mail         |       |    14 |    23 |       |       |       |       |       |       ||    37
       Plate armour      |       |       |       |   117 |   168 |       |       |       |       ||   285
       Crystal plate arm |       |       |       |       |    45 |   489 |   234 |   197 |   189 ||  1154
Dodge: Dodged            |    12 |    19 |    36 |    65 |   190 |    79 |    54 |    55 |    51 ||   561
Block: Buckler           |     7 |     7 |    29 |    71 |   187 |       |       |       |       ||   301
       Kite shield       |       |       |       |       |   109 |   782 |   120 |       |       ||  1011
       Reflection        |       |       |       |       |    11 |    14 |    54 |    37 |    11 ||   127
       Tower shield      |       |       |       |       |       |       |   686 |   793 |   462 ||  1941
